 Dungeon Crawl Stone Soup version 0.28.0 (webtiles) character file.

Game seed: 9334380997630369345

906 theElss the Skirmisher (level 8, -5/51 HPs)
             Began as a Gargoyle Berserker on Feb 16, 2022.
             Was a Follower of Trog.
             Slain by a yak (10 damage)
             ... on level 5 of the Dungeon.
             The game lasted 00:09:59 (4304 turns).

theElss the Skirmisher (Gargoyle Berserker)         Turns: 4304, Time: 00:10:00

Health: -5/51      AC: 19    Str: 20    XL:     8   Next: 8%
Magic:  8/8        EV:  7    Int:  9    God:    Trog [*.....]
Gold:   182        SH:  0    Dex: 11    Spells: 7/7 levels left

rFire   . . .      SeeInvis .   a - +0 mace
rCold   . . .      Faith    .   (no shield)
rNeg    + . .      Spirit   .   m - +0 plate armour
rPois   ∞          Reflect  .   l - +1 hat
rElec   +          Harm     .   (no cloak)
rCorr   .          Rampage  .   (no gloves)
Will    .....                   (no boots)
Stlth   ..........              (no amulet)
HPRegen 0.17/turn               (no ring)
MPRegen 0.11/turn               (no ring)

@: on berserk cooldown, slowed, very slow
A: sickness immunity, AC +5, negative energy resistance 1, electricity
resistance, torment resistance 1, petrification resistance
a: Renounce Religion, Berserk


You were on level 5 of the Dungeon.
You worshipped Trog.
Trog was aware of your devotion.
You visited 1 branch of the dungeon, and saw 5 of its levels.

You collected 182 gold pieces.

Inventory:

Hand Weapons
 a - a +0 mace (weapon)
Missiles
 k - a throwing net (quivered)
Armour
 l - a +1 hat (worn)
 m - a +0 plate armour (worn)
 o - a +0 cloak
Wands
 b - a wand of acid (5)
Scrolls
 d - a scroll of torment {unknown}
 e - a scroll of fog {unknown}
 h - 3 scrolls of noise {unknown}
 j - 2 scrolls of enchant weapon {unknown}
 n - 4 scrolls of amnesia {unknown}
 p - a scroll of magic mapping {unknown}
 q - 3 scrolls of teleportation {unknown}
 t - a scroll of enchant armour {unknown}
Potions
 f - 2 potions of might
 g - 3 potions of mutation
 i - 2 potions of curing
 u - a potion of resistance {unknown}


   Skills:
 + Level 5.9 Fighting
 + Level 5.3 Maces & Flails
 + Level 5.3 Armour
 + Level 4.0 Dodging


You had 7 spell levels left.
You didn't know any spells.
Your spell library was empty.

Dungeon Overview and Level Annotations

Branches:
Dungeon (5/15)
 Temple: D:4-7

Altars:

Shops:
D:4 :?[


Innate Abilities, Weirdness & Mutations

You are immune to sickness and miasma.
Your stone body is resilient. (AC +5)
You are immune to poison.
You resist negative energy. (rN+)
You are resistant to electric shocks. (rElec)
You are resistant to unholy torment.
You are immune to petrification.


Message History

The yak gores you!
You hit the yak.
The yak is almost dead.
The yak gores you!
You sock the yak!
You kill the yak!
Trog accepts your kill.
You are no longer berserk.
You are exhausted.
You feel yourself slow down.
Your Dodging skill increases to level 4!
You have reached level 8!
You feel clever.
Okay, then.
You sock the yak!
The yak is moderately wounded.
The yak gores you but does no damage.
You barely miss the yak.
The yak is moderately wounded.
The yak barely misses you. The yak gores you but does no damage.
You hit the yak.
The yak is moderately wounded.
The yak gores you but does no damage. The yak gores you.
You hit the yak.
The yak is heavily wounded.
The yak barely misses you.
You hit the yak but do no damage.
The yak is heavily wounded.
The yak barely misses you. The yak gores you.
* * * LOW HITPOINT WARNING * * *
Unknown command.
You hit the yak.
The yak is heavily wounded.
The yak gores you but does no damage. The yak barely misses you.
You thump the yak!
The yak is severely wounded.
The yak gores you!
* * * LOW HITPOINT WARNING * * *
The yak gores you!
You die...

#.# #.# #.# #.# #.#
####.# . ..#.# .. #.#@#
...
##.####.#Y#######....
.......<.........Z...
##.####.#.###..##Y##
...##.#.###..##+#####
#...................
.................######
........##..)..........
##.#....##......)#####


You could see a yak.

Vanquished Creatures
  3 yaks
  An ogre (D:5)
  Blork the orc (D:4)
  A gnoll shaman (D:4)
  An orc priest (D:5)
  2 hounds
  Crazy Yiuf (D:2)
  An orc wizard (D:4)
  9 gnolls (D:4)
  2 adders
  A shadow imp (D:5)
  4 dart slugs
  7 orcs
  3 ball pythons
  2 endoplasms
  2 giant cockroaches
  7 goblins
  3 hobgoblins
  3 quokkas
  A bat (D:2)
  A frilled lizard (D:3)
  5 kobolds
  4 rats
65 creatures vanquished.

Notes
Turn   | Place    | Note
-------+----------+-------------------------------------------
     0 | D:1      | theElss the Gargoyle Berserker began the quest for the Orb.
     0 | D:1      | Reached XP level 1. HP: 14/14 MP: 1/1
   179 | D:1      | Reached XP level 2. HP: 19/19 MP: 2/2
   442 | D:1      | Found a faded altar of an unknown god.
   790 | D:2      | Reached XP level 3. HP: 19/24 MP: 3/3
   965 | D:2      | Found a runed translucent door.
   966 | D:2      | Noticed Crazy Yiuf
   975 | D:2      | Killed Crazy Yiuf
   976 | D:2      | Reached XP level 4. HP: 21/29 MP: 4/4
  2423 | D:4      | Noticed Blork the orc
  2433 | D:4      | Killed Blork the orc
  2434 | D:4      | Reached XP level 5. HP: 27/34 MP: 5/5
  2695 | D:4      | Reached ** piety under Trog
  2697 | D:4      | Found Heyri's Book Emporium.
  2875 | D:4      | Found Xeduxy's Armour Shoppe.
  2957 | D:4      | Reached XP level 6. HP: 39/39 MP: 6/6
  3358 | D:4      | Found Vugiekh's Magic Scroll Shoppe.
  3734 | D:5      | Entered Level 5 of the Dungeon
  4033 | D:5      | Noticed a two-headed ogre
  4097 | D:5      | Reached skill level 5 in Fighting
  4097 | D:5      | Reached XP level 7. HP: 11/44 MP: 7/7
  4105 | D:5      | Noticed a yak
  4105 | D:5      | Noticed a yak
  4105 | D:5      | Noticed a yak
  4105 | D:5      | Noticed a yak
  4135 | D:4      | Killed a yak
  4288 | D:5      | Killed a yak
  4289 | D:5      | Reached skill level 5 in Maces & Flails
  4289 | D:5      | Reached skill level 5 in Armour
  4297 | D:5      | Killed a yak
  4298 | D:5      | Reached XP level 8. HP: 17/51 MP: 8/8
  4304 | D:5      | Slain by a yak

Illustrated notes

Levels and vault maps discovered:
D:1:      saegor_arrival_under_anarchy, layout_rooms,
          ebering_ecumenical_altar_rust
D:2:      layout_rooms, uniq_crazy_yiuf_cottage
D:3:      layout_basic, kennysheep_generic_room_8
D:4:      layout_loops_corners, serial_shops, kennysheep_mini_moat,
          nicolae_take_the_stairs, nicolae_shop_competitors_out_of_business,
          portal_sewer_entry_d, uniq_blork_the_orc
D:5:      layout_basic, mainiacjoe_overflow_cross_hatched

Skill      XL: |  1  2  3  4  5  6  7 |
---------------+----------------------+-----
Dodging        | 2 3 4 |  4.0
Armour         | 3 4 5 |  5.3
Fighting       | 4 5 |  5.9
Maces & Flails | 4 5 |  5.3

Action                   |  1- 3 |  4- 6 |  7- 9 || total
-------------------------+-------+-------+-------++-------
Melee: Mace              |    63 |   166 |    48 ||   277
       Punch             |     2 |     3 |       ||     5
Invok: Berserk           |     1 |     5 |     1 ||     7
       Trog's Hand       |       |       |     1 ||     1
  Use: Scroll            |       |     3 |       ||     3
       Potion            |       |       |     2 ||     2
Armor: Animal skin       |    13 |       |       ||    13
       Plate armour      |    16 |    96 |    28 ||   140
Dodge: Dodged            |    39 |    48 |    18 ||   105
